 Dungeon Crawl Stone Soup version 0.26.0-10-g1f06aea511 (webtiles) character file.

Game seed: 11862169118638298976

1563 Borgoz the Slasher (level 8, -2/68 HPs)
             Began as a Ghoul Gladiator on Jan 18, 2021.
             Slain by an orc warrior
             ... wielding a +2 war axe of electrocution
              (17 damage)
             ... on level 6 of the Dungeon.
             The game lasted 00:06:42 (6843 turns).

Borgoz the Slasher (Ghoul Gladiator)                Turns: 6843, Time: 00:06:43

Health: -2/68      AC: 10    Str: 18    XL:     8   Next: 89%
Magic:  7/7        EV: 11    Int:  3    God:
Gold:   159        SH:  3    Dex: 12    Spells: 7/7 levels left

rFire    . . .     SeeInvis .   b - +0 long sword (flame)
rCold    + . .     Faith    .   m - +0 buckler
rNeg     + + +     Spirit   .   o - +0 scale mail
rPois    ∞         Reflect  .   c - +0 helmet
rElec    .         Harm     .   (no cloak)
rCorr    .         Rampage  .   j - +0 pair of gloves
Will     .....                  (no boots)
Stlth    ..........             (no amulet)
HPRegen  0.00/turn              (no ring)
MPRegen  0.10/turn              (no ring)

@: no status effects
A: claws 1, cold resistance 1, negative energy resistance 3, inhibited
regeneration, torment resistance, unbreathing
a: no special abilities


You were on level 6 of the Dungeon.
You visited 1 branch of the dungeon, and saw 6 of its levels.

You collected 354 gold pieces.
You spent 195 gold pieces at shops.

Inventory:

Hand Weapons
 a - a +1 long sword
 b - a +0 long sword of flaming (weapon)
Missiles
 d - a throwing net (quivered)
Armour
 c - a +0 helmet (worn)
 j - a +0 pair of gloves (worn)
 m - a +0 buckler (worn)
 o - a +0 scale mail (worn)
Jewellery
 q - an uncursed ring of ice
Scrolls
 h - a scroll of remove curse
 i - 2 scrolls of teleportation
Potions
 e - a potion of lignification {unknown}
 f - 3 potions of curing {unknown}
 g - a potion of berserk rage {unknown}
 k - 2 potions of might
 l - a potion of mutation {unknown}
 n - a potion of heal wounds {unknown}


   Skills:
 + Level 5.2 Fighting
 * Level 6.3 Long Blades
 - Level 1.7 Throwing
 * Level 5.5 Armour
 + Level 4.7 Dodging


You had 7 spell levels left.
You didn't know any spells.
Your spell library was empty.

Dungeon Overview and Level Annotations

Branches:
Dungeon (6/15)
 Temple: D:4-7

Altars:
Ashenzari
Hepliaklqana

Shops:
D:4 [=}*:   D:5 (

Annotations:
D:6 2 transporters


Innate Abilities, Weirdness & Mutations

You thrive by killing the living.
You are immune to poison.
You have sharp fingernails.
Your flesh is cold resistant. (rC+)
You are immune to negative energy. (rN+++)
You do not regenerate when monsters are visible.
You are immune to unholy pain and torment.
You can survive without breathing.


Message History

The orc warrior is moderately wounded.
The orc warrior struggles against the net.
The orc barely misses you.
You riposte.
You closely miss the orc. The orc closely misses you.
The orc warrior struggles against the net.
You hit the orc warrior but do no damage.
The orc warrior is moderately wounded.
The orc hits you with a +0 flail!
* * * LOW HITPOINT WARNING * * *
The orc barely misses you.
You riposte.
You hit the orc. You burn the orc.
The orc is heavily wounded.
The orc warrior struggles against the net.
You hit the orc warrior but do no damage.
The orc warrior is moderately wounded.
You block the orc's attack. The orc hits you but does no damage.
The orc warrior struggles against the net.
The net rips apart, and the orc warrior comes free!
The orc closely misses you.
The orc warrior hits you with a +2 war axe of electrocution!
You die...

.........# #....##.#8.©.8
...####...# #....##.#P./.P
... #...# #######.###+##
##...# #.#≈...≈ ....#
#.#≈...≈ ###.. ########
#.#≈...≈ ####..###......#
###.#≈.♣.≈
#.......#o.....###.#.#≈...≈
#......)'o@....'...#.#;...;
#.....[)#o.....###.#.#;...;
#.......#......# #.#.###+##
+.......#......###.#.#P.$.P
#.......#......'...#.#8.©.8
#.......#......###.#.######
#.......#......# #.#..!.©..
#.......#......# #.####....
#......# #.# ##.#.


You could see an orc warrior and 2 orcs.

Vanquished Creatures
  Eustachio (D:6)
  The ghost of UristMcRaven the Ruffian, an amateur VSTm (D:3)
  A sky beast (D:5)
  3 ogres
  A bullfrog (D:6)
  2 scorpions
  A howler monkey (D:4)
  A bullfrog zombie (D:5)
  A gnoll shaman (D:5)
  2 orc priests
  3 hounds
  An orc wizard (D:6)
  An iguana (D:3)
  5 worker ants
  A hound skeleton (D:4)
  6 gnolls (D:5)
  9 adders
  A white imp (D:5)
  An ooze (D:4)
  An adder zombie (D:6)
  6 worms
  5 dart slugs
  5 leopard geckos
  16 orcs
  9 bats
  11 giant cockroaches
  10 goblins
  11 hobgoblins
  6 jackals
  7 kobolds
  A quokka (D:3)
  2 ball pythons
  A ball python skeleton (D:4)
  5 frilled lizards
  A jackal skeleton (D:4)
  2 quokka skeletons (D:4)
  9 rats
150 creatures vanquished.

Notes
Turn   | Place    | Note
-------+----------+-------------------------------------------
     0 | D:1      | Borgoz the Ghoul Gladiator began the quest for the Orb.
     0 | D:1      | Reached XP level 1. HP: 17/17 MP: 0/0
   116 | D:1      | Reached XP level 2. HP: 11/24 MP: 1/1
   407 | D:1      | Reached skill level 1 in Armour
   408 | D:1      | Reached skill level 3 in Long Blades
   756 | D:1      | Reached XP level 3. HP: 28/30 MP: 2/2
  1741 | D:2      | Reached XP level 4. HP: 32/37 MP: 3/3
  2508 | D:3      | Reached XP level 5. HP: 44/44 MP: 4/4
  2534 | D:3      | Found a runed translucent door.
  2534 | D:3      | Noticed UristMcRaven's ghost (amateur VSTm)
  2588 | D:3      | Killed UristMcRaven's ghost
  2589 | D:3      | Reached skill level 4 in Long Blades
  2589 | D:3      | Reached XP level 6. HP: 30/51 MP: 5/5
  3440 | D:4      | Found Vylet's Armour Boutique.
  3650 | D:4      | Found Jorphoujoz's Jewellery Emporium.
  3653 | D:4      | Found Meal's Gadget Shoppe.
  3698 | D:4      | Reached XP level 7. HP: 31/58 MP: 6/6
  3698 | D:4      | Found Odid's General Store.
  4396 | D:4      | Reached skill level 5 in Long Blades
  4897 | D:4      | Found Eliriomoxt's Book Shop.
  4961 | D:5      | Entered Level 5 of the Dungeon
  5091 | D:5      | Found a broken altar of Ashenzari.
  5219 | D:5      | Reached XP level 8. HP: 58/67 MP: 7/7
  5598 | D:5      | Found Pejonn's Antique Weapon Emporium.
  5850 | D:5      | Bought a glowing long sword for 195 gold pieces
  5904 | D:5      | Found a hazy altar of Hepliaklqana.
  6119 | D:5      | Reached skill level 5 in Armour
  6589 | D:6      | Found a transporter.
  6596 | D:6      | Reached skill level 5 in Fighting
  6596 | D:6      | Reached skill level 6 in Long Blades
  6647 | D:6      | Found a transporter.
  6650 | D:6      | Noticed Eustachio
  6662 | D:6      | Killed Eustachio
  6843 | D:6      | Slain by an orc warrior

Illustrated notes

Levels and vault maps discovered:
D:1:      psy_arrival_radial01, layout_loops_ring, grunt_decor_mini_mirrors,
          hangedman_decor_clover_reticule, minivault_14,
          minmay_misc_feat_encased, minmay_ruptured
D:2:      layout_loops_ring
D:3:      layout_basic, ebering_ghost_inner_flame, st_stairs_9
D:4:      layout_basic, serial_shops, shop, shop, shop, shop,
          nicolae_shop_statue_plus, grunt_ministairs_14
D:5:      layout_basic, nicolae_overflow_hidden_temple, serial_shops, shop
D:6:      gammafunk_steamed_eel, layout_basic, chequers_garden, uniq_eustachio

Skill      XL: |  1  2  3  4  5  6  7  8 |
---------------+-------------------------+-----
Armour         | 1 2 3 4 5 |  5.5
Long Blades    | 3 4 5 6 |  6.3
Dodging        | 3 4 |  4.7
Fighting       | 3 4 5 |  5.2
Throwing       | |  1.7

Action                   |  1- 3 |  4- 6 |  7- 9 || total
-------------------------+-------+-------+-------++-------
Melee: Long sword        |   115 |   195 |   231 ||   541
Throw: Throwing net      |       |       |     2 ||     2
  Use: Scroll            |       |     9 |     2 ||    11
       Potion            |       |     1 |       ||     1
Armor: Leather armour    |    41 |    70 |    22 ||   133
       Scale mail        |       |       |    58 ||    58
Dodge: Dodged            |   102 |   162 |   153 ||   417
Block: Buckler           |       |    21 |    32 ||    53
       Rpst.: Long sword |    30 |    58 |    51 ||   139
